 Dungeon Crawl Stone Soup version 0.24.0-13-gcf9b3192b9 (webtiles) character file.

Game seed: 8480114072550108397, levelgen mode: deterministic

362 Iamsoldier the Conjurer (level 6, -2/32 HPs)
             Began as a Deep Elf Conjurer on Nov 6, 2019.
             Was a Follower of Kikubaaqudgha.
             Killed from afar by an orc wizard (5 damage)
             ... with a magic dart
             ... on level 4 of the Dungeon.
             The game lasted 00:13:26 (3817 turns).

Iamsoldier the Conjurer (Deep Elf Conjurer)         Turns: 3817, Time: 00:13:27

Health: -2/32      AC:  5    Str:  5    XL:     6   Next: 39%
Magic:  1/17       EV: 14    Int: 24    God:    Kikubaaqudgha [*.....]
Gold:   168        SH:  0    Dex: 15    Spells: 11/17 levels left

rFire    . . .     SeeInvis .   (no weapon)
rCold    . . .     Gourm    .   (no shield)
rNeg     . . .     Faith    .   a - +0 robe
rPois    .         Spirit   .   o - +0 helmet
rElec    .         Reflect  .   l - +0 cloak
rCorr    .         Harm     .   k - +0 pair of gloves
MR       .....                  (no boots)
Stlth    ++........             (no amulet)
HPRegen  0.10/turn              t - +2 ring of intelligence
MPRegen  0.15/turn              (no ring)

@: no status effects
A: no striking features
a: Receive Corpses, Renounce Religion


You were on level 4 of the Dungeon.
You worshipped Kikubaaqudgha.
Kikubaaqudgha was aware of your devotion.
You were not hungry.

You visited 1 branch of the dungeon, and saw 4 of its levels.

You collected 168 gold pieces.

Inventory:

Armour
 a - a +0 robe (worn)
 k - a +0 pair of gloves (worn)
 l - a +0 cloak (worn)
 o - a +0 helmet (worn)
Jewellery
 t - a +2 ring of intelligence (left hand)
Wands
 r - a wand of scattershot (5)
Scrolls
 e - 2 scrolls of amnesia
 i - 2 scrolls of remove curse
 j - a scroll of noise {unknown}
 m - a scroll of immolation {unknown}
 n - a scroll of teleportation {unknown}
 p - a scroll of magic mapping {unknown}
 s - 3 scrolls of identify {unknown}
Potions
 b - a potion of brilliance
 d - a potion of curing
 q - a potion of degeneration {unknown}
Comestibles
 c - 8 rations


   Skills:
 - Level 4.0 Dodging
 - Level 2.4 Stealth
 * Level 6.1 Spellcasting
 + Level 6.2 Conjurations
 * Level 1.0 Necromancy
 + Level 0.6 Evocations


You had 11 spell levels left.
You knew the following spells:

 Your Spells              Type           Power        Failure   Level  Hunger
a - Magic Dart            Conj           ####         1%          1    None
b - Iskenderun's Mystic   Conj           #####...     6%          4    ###....
c - Pain                  Necr           ##..         4%          1    None

Your spell library contained the following spells:

 Spells                   Type           Power        Failure   Level  Hunger
 Searing Ray              Conj           #####.       1%          2    None
 Dazzling Spray           Conj/Hex       ###...       6%          3    #......
 Beastly Appendage        Tmut           #.....       8%          1    None
 Corpse Rot               Necr           N/A          8%          2    None
 Sublimation of Blood     Necr           ##........   8%          2    None
 Sticks to Snakes         Tmut           #.......     12%         2    None
 Vampiric Draining        Necr           ##........   16%         3    #......
 Force Lance              Conj/Tloc      ###.....     22%         4    ###....
 Fulminant Prism          Conj/Hex       ###.......   22%         4    ###....
 Spider Form              Tmut/Pois      #.........   24%         3    #......
 Ice Form                 Ice/Tmut       #.......     61%         4    ###....
 Blade Hands              Tmut           #.........   91%         5    #####..


Dungeon Overview and Level Annotations

Branches:
Dungeon (4/15)
 Temple: D:4-7

Altars:
Kikubaaqudgha
Trog
The Shining One


Message History

Press: ? - help, Shift-Dir - straight line, f/p - jackal
Aim: a jackal (heavily wounded)
The magic dart hits the jackal.
The jackal is almost dead.
The jackal bites you. The jackal barely misses you.
Casting: Magic Dart (safe; 1% risk of failure)
Confirm with . or Enter, or press ? or * to list all spells.
Aiming: Magic Dart (safe; 1% risk of failure)
Press: ? - help, Shift-Dir - straight line, f/p - jackal
Aim: a jackal (almost dead)
The magic dart hits the jackal.
You kill the jackal!
Kikubaaqudgha accepts your kill.
The orc wizard gestures at you while chanting.
The puff of flame hits you!
* * * LOW HITPOINT WARNING * * *
The orc wizard gestures at you while chanting.
The magic dart hits you.
You die...
Kikubaaqudgha rasps: "You have failed me!
Welcome... death!"

..........#####.####..##.#......
.).......#####...# #..##.#...##.
...####...#..#..####..........##
.....#......#..#.##..#.#.......
#................ # #.......
##....).oo....# #..###..
##.......†..## ###...#...
...#..##..ho..###...##........
......#......@......##........
..#..#......##......##........ .
##......(.# ##....##........
#......(.# ##....##.......#
#..#.....(###....###...#....
#.............# #..#.#...#...#
###........##.###....÷...#####
#......####..........###
##...... #...........#


You could see an orc wizard, 2 orcs and a jackal.

Vanquished Creatures
  A scorpion (D:4)
  2 hounds
  3 orc priests
  Jessica (D:2)
  A worker ant (D:4)
  3 adders
  3 oozes (D:2)
  2 worms
  3 leopard geckos
  8 orcs
  4 bats
  3 giant cockroaches
  5 goblins
  6 hobgoblins
  3 jackals
  9 frilled lizards
  5 kobolds
  4 rats
66 creatures vanquished.

Notes
Turn   | Place    | Note
-------+----------+-------------------------------------------
     0 | D:1      | Iamsoldier the Deep Elf Conjurer began the quest for the
                  | Orb.
     0 | D:1      | Reached XP level 1. HP: 10/10 MP: 6/6
   920 | D:2      | Reached XP level 2. HP: 15/15 MP: 1/8
  1091 | D:2      | Found a glowing golden altar of the Shining One.
  1369 | D:2      | Found a bloodstained altar of Trog.
  1374 | D:2      | Reached XP level 3. HP: 19/19 MP: 1/10
  1500 | D:2      | Noticed Jessica
  1505 | D:2      | Killed Jessica
  1505 | D:2      | Reached skill level 5 in Conjurations
  1657 | D:2      | Reached XP level 4. HP: 24/24 MP: 8/12
  2399 | D:3      | Found an ancient bone altar of Kikubaaqudgha.
  2423 | D:3      | Learned a level 4 spell: Iskenderun's Mystic Blast
  2428 | D:3      | Became a worshipper of Kikubaaqudgha
  2564 | D:3      | Reached skill level 5 in Spellcasting
  2564 | D:3      | Reached XP level 5. HP: 28/28 MP: 8/14
  3352 | D:4      | HP: 1/28 [poisoned by a scorpion]
  3412 | D:4      | Reached * piety under Kikubaaqudgha
  3412 | D:4      | Identified Kikubaaqudgha's Incunabulum of Necromancy
                  | (Kikubaaqudgha gifted it to you on level 4 of the Dungeon)
  3412 | D:4      | Received a gift from Kikubaaqudgha
  3412 | D:4      | Reached XP level 6. HP: 17/32 MP: 5/16
  3731 | D:4      | Learned a level 1 spell: Pain
  3800 | D:4      | Reached skill level 1 in Necromancy
  3817 | D:4      | Killed from afar by an orc wizard

Levels and vault maps discovered:
D:1:      mrwooster_arrival_statue, layout_loops_ring
D:2:      layout_basic, lemuel_round_altar, lemuel_doored_altar,
          kennysheep_flooded_box, uniq_jessica
D:3:      layout_rooms, lemuel_crystal_altar, first_ration
D:4:      layout_cave_pools, minmay_temple_entry_hall, uniq_natasha

Skill      XL: |  1  2  3  4  5  6 |
---------------+-------------------+-----
Dodging        | 3 4 |  4.0
Spellcasting   | 4 5 6 |  6.1
Conjurations   | 5 6 |  6.2
Necromancy     | 1 |  1.0
Stealth        | |  2.4
Evocations     | |  0.6

Action                   |  1- 3 |  4- 6 || total
-------------------------+-------+-------++-------
Melee: Unarmed           |     8 |     5 ||    13
 Cast: Magic Dart        |    66 |   111 ||   177
       Pain              |       |     4 ||     4
       Iskenderun's Myst |       |     2 ||     2
  Use: Scroll            |     3 |       ||     3
       Potion            |       |     5 ||     5
  Eat: Ration            |     1 |     1 ||     2
       Chunk             |       |     3 ||     3
Armor: Robe              |     9 |    17 ||    26
       Skin              |       |     1 ||     1
Dodge: Dodged            |    29 |    45 ||    74
